Map: Miner Evacuation

Players

monk

  • Race: Terran Terran
  • Spawn Location: 7:00

sTkmonk

  • Race: Terran Terran
  • Spawn Location: 7:00

VOD

Have the link to the VOD?

Description

Time

  • Played on: Sept. 29, 2017, 6:42 a.m.
  • Length: 23:22
Show
View Real Time Build Order
Export as new Build Order

monk Terran 

Build Orders:  

Get SALT Encoding   

  12  0:06  SCV  
  13  0:23  SCV  
  13  0:26  Supply Depot  
  15  0:40  SCV  
  15  0:44  Refinery  
  15  0:59  Refinery, SCV  
  16  1:16  SCV  
  17  1:33  SCV  
  19  1:50  SCV  
  19  2:07  SCV, Factory  
  20  2:24  SCV  
  21  2:36  Supply Depot  
  22  2:41  SCV  
  22  2:58  SCV  
  23  3:09  Factory Tech Reactor  
  23  3:10  Starport  
  23  3:15  Supply Depot, SCV  
  25  3:31  SCV  
  25  3:37  Siege Tank x2  
  31  3:47  Supply Depot  
  31  3:48  SCV  
  32  4:05  SCV  
  33  4:13  Starport Tech Reactor  
  34  4:20  Siege Tank  
  34  4:22  SCV  
  34  4:26  Siege Tank  
  40  4:42  Hercules  
  44  4:50  SCV  
  44  4:53  Perdition Turret  
  44  4:55  Maelstrom Rounds  
  44  5:04  Supply Depot  
  44  5:14  SCV  
  44  5:17  Perdition Turret  
  44  5:18  Perdition Turret  
  45  5:24  Perdition Turret  
  46  5:31  SCV  
  46  5:42  Perdition Turret  
  46  5:43  Perdition Turret  
  46  5:48  SCV  
  49  5:52  Science Vessel, Perdition Turret  
  49  5:55  Perdition Turret  
  48  6:05  Perdition Turret, Refinery, SCV  
  48  6:07  Perdition Turret  
  49  6:12  Perdition Turret  
  49  6:13  Perdition Turret  
  49  6:16  Perdition Turret  
  49  6:18  Perdition Turret  
  50  6:22  SCV  
  50  6:24  Supply Depot  
  50  6:30  Refinery  
  50  6:39  SCV  
  51  6:40  Perdition Turret  
  51  6:49  Perdition Turret  
  51  6:51  Perdition Turret  
  51  6:57  SCV  
  52  7:04  Science Vessel  
  52  7:07  Siege Tank  
  57  7:12  Command Center  
  57  7:23  SCV  
  57  7:27  Perdition Turret x2  
  57  7:31  Perdition Turret  
  47  7:40  SCV  
  58  7:54  Siege Tank  
  58  7:56  SCV  
  63  8:02  SCV  
  63  8:13  SCV  
  63  8:19  SCV  
  66  8:30  SCV  
  66  8:36  SCV  
  67  8:46  Supply Depot  
  67  8:47  Armory, SCV  
  68  8:53  SCV  
  69  9:04  SCV  
  69  9:06  Perdition Turret  
  71  9:10  SCV  
  72  9:21  SCV  
  72  9:22  Spinning Dizzy  
  72  9:27  Perdition Turret, SCV  
  72  9:28  Perdition Turret  
  73  9:31  Terran Vehicle and Ship Weapons Level 1  
  73  9:32  Upgrade Laser Drill Level 1  
  73  9:38  SCV  
  74  9:41  Spinning Dizzy  
  74  9:44  SCV  
  75  9:53  Improved Nano-Repair, Supply Depot  
  75  9:55  SCV  
  75  9:56  Supply Depot  
  76  10:09  SCV, Siege Tank  
  81  10:12  SCV  
  81  10:14  Siege Tank  
  84  10:23  Hercules  
  84  10:26  SCV  
  88  10:37  Perdition Turret  
  88  10:39  Perdition Turret  
  88  10:43  SCV  
  88  10:44  Perdition Turret  
  88  10:45  Siege Tank  
  92  10:50  Siege Tank  
  92  10:53  Defensive Matrix  
  92  10:54  Perdition Turret  
  92  10:56  SCV  
  92  10:59  Supply Depot  
  96  11:00  Supply Depot  
  96  11:04  Perdition Turret  
  96  11:13  SCV x2  
  96  11:16  Perdition Turret  
  98  11:21  Siege Tank  
  98  11:29  Siege Tank, SCV  
  106  11:32  SCV  
  106  11:57  Siege Tank  
  108  12:02  Factory  
  108  12:05  Siege Tank  
  111  12:11  Hercules  
  114  12:30  Science Vessel  
  116  12:42  Siege Tank  
  116  12:43  Science Vessel  
  116  12:49  Upgrade Laser Drill Level 2  
  118  12:58  Perdition Turret  
  118  13:01  Perdition Turret, Devastation Turret  
  118  13:10  Supply Depot x2  
  118  13:19  Siege Tank x2  
  118  13:25  Factory Tech Reactor  
  118  13:26  Supply Depot  
  118  13:27  Supply Depot  
  115  13:32  Devastation Turret  
  115  13:33  Perdition Turret x2  
  112  13:42  Siege Tank  
  118  14:01  Siege Tank x3  
  127  14:15  SCV  
  127  14:16  SCV  
  129  14:24  Terran Vehicle and Ship Weapons Level 2, Siege Tank  
  129  14:27  Ares-Class Targeting System  
  129  14:28  Devastation Turret  
  133  14:31  Devastation Turret  
  133  14:32  SCV  
  133  14:36  Devastation Turret  
  133  14:37  Devastation Turret  
  133  14:39  Devastation Turret  
  133  14:48  Perdition Turret  
  133  14:50  Spinning Dizzy  
  133  14:51  Perdition Turret  
  133  14:52  Perdition Turret  
  133  14:53  Perdition Turret  
  133  14:54  Perdition Turret, Siege Tank  
  136  15:06  Devastation Turret  
  133  15:10  Spinning Dizzy  
  133  15:13  Perdition Turret  
  133  15:16  Perdition Turret  
  133  15:19  Perdition Turret x2  
  133  15:22  Perdition Turret x2, Spinning Dizzy, Siege Tank x3  
  133  15:24  Perdition Turret x2  
  133  15:27  Perdition Turret  
  133  15:28  Hercules  
  145  15:30  Perdition Turret  
  145  15:32  Perdition Turret  
  145  15:33  Supply Depot  
  145  15:36  Supply Depot  
  145  15:43  Perdition Turret  
  145  15:45  Perdition Turret x2  
  145  15:47  Perdition Turret x2  
  145  15:48  Perdition Turret x2  
  144  15:54  Perdition Turret  
  140  16:02  Goliath x4  
  140  16:05  Perdition Turret  
  140  16:08  Perdition Turret x2  
  148  16:13  Perdition Turret  
  148  16:16  Perdition Turret  
  148  16:24  Perdition Turret  
  148  16:25  Perdition Turret  
  148  16:27  Perdition Turret  
  148  16:29  Perdition Turret  
  148  16:30  Perdition Turret  
  148  16:33  Perdition Turret  
  146  16:42  Perdition Turret  
  146  16:43  Perdition Turret  
  146  16:44  Perdition Turret  
  145  17:12  Siege Tank x2  
  145  17:13  Siege Tank x2  
  145  17:19  Siege Tank  
  160  18:06  Siege Tank x2  
  166  18:12  Terran Vehicle and Ship Weapons Level 3  
  166  18:13  Supply Depot  
  166  18:14  Supply Depot  
  166  18:39  Perdition Turret x2  
  166  18:40  Perdition Turret  
  166  18:41  Perdition Turret  
  166  18:42  Spinning Dizzy  
  166  18:43  Perdition Turret, Goliath x2, Siege Tank  
  166  18:44  Spinning Dizzy  
  166  18:45  Spinning Dizzy, Goliath, Hercules  
  166  18:46  Spinning Dizzy, Supply Depot  
  166  18:49  Perdition Turret  
  178  19:06  Spinning Dizzy x2  
  178  19:15  Goliath, Siege Tank  
  183  19:30  Perdition Turret x3  
  183  19:32  Perdition Turret  
  183  19:34  Goliath  
  183  19:35  Perdition Turret  
  183  19:37  Perdition Turret  
  184  19:52  Perdition Turret x2  
  184  19:55  Goliath x2  
  184  19:56  Goliath  
  184  19:57  Perdition Turret  
  184  19:58  Perdition Turret  
  184  19:59  Supply Depot  
  190  20:00  Supply Depot  
  190  20:04  Perdition Turret  
  190  20:05  Perdition Turret  
  190  20:07  Perdition Turret  
  189  20:10  Perdition Turret x2  
  189  20:13  Perdition Turret  
  189  20:20  Perdition Turret  
  189  20:21  Perdition Turret, Goliath  
  189  20:22  Perdition Turret x2  
  189  20:27  Goliath x3  
  190  20:32  Siege Tank  
  186  21:03  Siege Tank x3  
  183  21:11  Siege Tank  
  183  21:12  Siege Tank  
  178  21:31  SCV  
  178  21:36  Siege Tank  
  178  21:37  Siege Tank x2  
  181  21:41  Siege Tank x3  
  181  21:42  Siege Tank  
  175  21:57  Siege Tank x3  
  175  21:58  Goliath  
  183  22:00  Siege Tank x2  
  183  22:01  Siege Tank x4  
  183  22:02  Siege Tank x2  
  183  22:03  Siege Tank  
  183  22:07  SCV  
  190  22:20  Siege Tank  
  190  22:23  SCV  
  172  22:30  Goliath  
  172  22:33  Goliath  
  172  22:34  Siege Tank  
Show
View Real Time Build Order
Export as new Build Order

sTkmonk Terran 

Build Orders:  

Get SALT Encoding   

Tags
 
Add a new tag
Caveats
  • Supply blocks, unpowered buildings, or Contaminate may cause inaccurate times.
  • Supply counts are checked every 10 seconds.